 Dungeon Crawl Stone Soup version 0.30-b1-2-g02819fbbbe (webtiles) character file.

Game seed: 15491925085475758578

854 TittyCrusher the Basher (level 8, 0/58 HPs)
             Began as a Formicid Monk on May 3, 2023.
             Slain by a bog mummy (16 damage)
             ... in an ossuary.
             The game lasted 00:08:27 (2755 turns).

TittyCrusher the Basher (Formicid Monk)             Turns: 2755, Time: 00:08:28

Health: 0/58       AC:  9    Str: 16      XL:     8   Next: 21%
Magic:  8/8        EV: 11    Int:  8 (10) God:
Gold:   133        SH:  3    Dex: 16 (18) Spells: 7/7 levels left

rFire   . . .        a - +0 mace
rCold   . . .        m - +0 buckler
rNeg    . . .        f - +4 ring mail
rPois   .            (helmet unavailable)
rElec   .            (no cloak)
rCorr   .            (no gloves)
SInv    +            (no boots)
Will    .....        (no amulet)
Stlth   +            (no ring)
HPRegen 0.29/turn    (no ring)
MPRegen 0.11/turn

%: no passive effects
@: flying
A: permanent stasis, dig shafts and tunnels, antennae 3, four strong arms
a: Dig


You were in an ossuary.
You visited 1 branch of the dungeon, and saw 4 of its levels.
You also visited: Ossuary.

You collected 133 gold pieces.

Inventory:

Hand Weapons
 a - a +0 mace (weapon)
 b - a +0 sling
Armour
 d - an orb of light
 f - a +4 ring mail (worn)
 m - a +0 buckler (worn)
 s - a +0 robe
Jewellery
 t - a ring of positive energy
Scrolls
 e - 3 scrolls of vulnerability
 k - 2 scrolls of poison
 l - a scroll of torment
 p - a scroll of noise
 q - 2 scrolls of teleportation
Potions
 g - a potion of resistance
 h - 2 potions of curing
 n - a potion of brilliance
 u - a potion of degeneration


   Skills:
 - Level 3.2 Fighting
 + Level 9.3 Maces & Flails
 - Level 2.6 Dodging


You had 7 spell levels left.
You didn't know any spells.
Your spell library contained the following spells:

 Spells                   Type           Power      Damage    Failure   Level
 Cigotuvi's Dreadful Rot  Necr/Pois/Air  0%         N/A       86%         2
 Ignite Poison            Fire/Tmut/Pois 0%         N/A       98%         3
 Ozocubu's Armour         Ice            0%         N/A       98%         3
 Alistair's Intoxication  Tmut/Pois      0%         N/A       100%        5
 Borgnjor's Vile Clutch   Necr/Erth      0%         N/A       100%        5
 Freezing Cloud           Conj/Ice/Air   0%         6-21      100%        5
 Eringya's Noxious Bog    Tmut/Pois      0%         N/A       100%        6
 Ozocubu's Refrigeration  Ice            0%         4d7       100%        7


Dungeon Overview and Level Annotations

Branches:
Dungeon (4/15)            Ossuary (1/1)
 Temple: D:4-7

Altars:
Wu Jian

Shops:
D:2 :


Innate Abilities, Weirdness & Mutations

You cannot be hasted, slowed, berserked, paralysed or teleported.
You can dig through walls and to a lower floor.
You have a pair of large antennae on your head. (SInv)
Your four strong arms can wield two-handed weapons with a shield.


Message History

* * * LOW HITPOINT WARNING * * *
The fiery explosion engulfs the wyvern zombie!!
Flame seeps out of the wyvern zombie.
The wyvern zombie is heavily damaged.
The centaur zombie explodes!
The fiery explosion engulfs the wyvern zombie!!
The wyvern zombie explodes!
You feel your dexterity returning.
Your Maces & Flails skill increases to level 9!
Unknown command.
Unknown command.
Unknown command.
Unknown command.
A bog mummy opens the door.
There is an empty arch of ancient stone, spattered with blood here.
You aren't carrying any items that you can evoke.
Okay, then.
Okay, then.
You aren't carrying any items that you can evoke.
Unknown command.
Okay, then.
Okay, then.
Okay, then.
The bog mummy closely misses you.
You hit the bog mummy but do no damage. You thump the bog mummy!
The bog mummy is moderately damaged.
The bog mummy points at you and mumbles some strange words.
You easily resist.
You hit the bog mummy.
The bog mummy is heavily damaged.
The bog mummy casts a spell at you. The puff of frost hits you.
* * * LOW HITPOINT WARNING * * *
You barely miss the bog mummy.
The bog mummy is heavily damaged.
You hit the bog mummy but do no damage.
The bog mummy is heavily damaged.
The bog mummy hits you!
You die...

# ### ##≈ ≈
≈~#~≈## #≈# {
~.#.~ ≈≈
#+#+#+#'#'#~##~≈
.M.~~.~.~~~Z~.#
##+##+##M##~~~#
{#.@.# # #.∩.#
{#∩..# ##### { {
{{ { {


You could see a bog mummy.

Vanquished Creatures
  Sigmund (D:4)
  A wyvern zombie (Ossuary)
  A scorpion (D:3)
  A water moccasin zombie (Ossuary)
  A howler monkey (D:4)
  2 bullfrog zombies (Ossuary)
  A centaur zombie (Ossuary)
  An orc priest (D:3)
  4 mummies (Ossuary)
  Natasha (D:4)
  2 orc wizards (D:4)
  A killer bee zombie (Ossuary)
  3 gnolls
  6 adders
  An ufetubus (D:4)
  3 worms
  2 dart slugs
  9 orcs
  5 ball pythons
  6 endoplasms
  2 giant cockroaches
  10 goblins
  4 hobgoblins
  5 jackals
  A quokka (D:3)
  2 bats (D:1)
  2 frilled lizards
  10 kobolds
  3 rats
91 creatures vanquished.

Vanquished Creatures (others)
  4 withered plants (Ossuary)
4 creatures vanquished.

Grand Total: 95 creatures vanquished

Notes
Turn   | Place    | Note
-------+----------+-------------------------------------------
     0 | D:1      | TittyCrusher the Formicid Monk began the quest for the Orb.
     0 | D:1      | Reached XP level 1. HP: 18/18 MP: 1/1
   132 | D:1      | Reached XP level 2. HP: 21/21 MP: 2/2
   365 | D:1      | Reached skill level 4 in Maces & Flails
   365 | D:1      | Reached XP level 3. HP: 27/28 MP: 3/3
   568 | D:2      | Found Ceyr's Book Boutique.
   642 | D:2      | Reached XP level 4. HP: 35/35 MP: 4/4
  1042 | D:2      | Reached skill level 5 in Maces & Flails
  1099 | D:2      | Reached XP level 5. HP: 38/41 MP: 5/5
  1880 | D:3      | Reached skill level 6 in Maces & Flails
  2050 | D:3      | Found an ornate altar of the Wu Jian Council.
  2141 | D:3      | Reached XP level 6. HP: 35/47 MP: 6/6
  2417 | D:4      | Noticed Natasha
  2426 | D:4      | Killed Natasha
  2470 | D:4      | Reached skill level 7 in Maces & Flails
  2518 | D:4      | Noticed Sigmund
  2537 | D:4      | Reached XP level 7. HP: 36/52 MP: 7/7
  2559 | D:4      | Killed Sigmund
  2560 | D:4      | Reached skill level 8 in Maces & Flails
  2609 | D:4      | Found a sand-covered staircase.
  2621 | Ossuary  | Entered an ossuary
  2707 | Ossuary  | Reached XP level 8. HP: 51/58 MP: 8/8
  2735 | Ossuary  | Reached skill level 9 in Maces & Flails
  2755 | Ossuary  | Slain by a bog mummy

Illustrated notes

Levels and vault maps discovered:
D:1:      dpeg_arrival_boxorama, layout_rooms
D:2:      layout_rooms, serial_shops, shop, bh_walls_and_bars
D:3:      layout_loops_ring, nicolae_wu_jian_immortal_techniques,
          minmay_misc_feat_secret_circle
D:4:      layout_basic, nicolae_ossuary_entry_ruins, uniq_natasha, uniq_ijyb,
          uniq_sigmund
Ossuary:  ossuary_zaba_flooded

Skill      XL: |  1  2  3  4  5  6  7  8 |
---------------+-------------------------+-----
Maces & Flails | 4 5 6 7 8 9 |  9.3
Fighting       | |  3.2
Dodging        | |  2.6

Action                     |  1- 3 |  4- 6 |  7- 9 || total
---------------------------+-------+-------+-------++-------
  Melee: Mace              |    72 |   189 |   119 ||   380
Ability: Dig               |     2 |     3 |       ||     5
    Use: Scroll            |       |    11 |     1 ||    12
         Potion            |       |     5 |     4 ||     9
 Armour: Ring mail         |    37 |    56 |    23 ||   116
         Robe              |     1 |       |       ||     1
         Skin              |       |       |    30 ||    30
  Dodge: Dodged            |    52 |    97 |    32 ||   181
  Block: Buckler           |       |    32 |    18 ||    50
